[Event "Istanbul Open 2019"]
[Site "Istanbul"]
[Date "2019.08.29"]
[Round "5.14"]
[White "Rahimli, Ilkin"]
[Black "Yarashov, Azat"]
[Result "0-1"]
[ECO "B21"]
[WhiteElo "1992"]
[BlackElo "2156"]
[Annotator "ChessBase"]
[PlyCount "31"]
[EventDate "2019.08.26"]
[EventType "swiss"]
[EventCountry "TUR"]
[SourceTitle "playchess.com"]
[Source "ChessBase"]
[SourceQuality "1"]
[TimeControl "5400+30"]

1. e4 c5 2. f4 d5 3. exd5 Nf6 4. Bb5+ Bd7 5. Bxd7+ Qxd7 6. c4 e6 7. Qe2 Bd6 8. f5 O-O 9. fxe6 fxe6 10. dxe6 Qe7 11. Nf3 Nc6 12. d3 Ng4 13. h3 Nge5 14. Nc3 Qxe6 15. Qe4 Nxf3+ 16. gxf3 0-1

[Event "Istanbul Open 2019"]
[Site "Istanbul"]
[Date "2019.08.29"]
[Round "5.15"]
[White "Ahmadov, Vusal"]
[Black "Menekse, Tuncay"]
[Result "1-0"]
[ECO "B01"]
[WhiteElo "1775"]
[BlackElo "1684"]
[Annotator "NA"]
[PlyCount "113"]
[EventDate "2019.08.26"]
[EventType "swiss"]
[EventCountry "TUR"]
[SourceTitle "playchess.com"]
[Source "ChessBase"]
[SourceQuality "1"]
[TimeControl "5400+30"]

1. e4 d5 2. exd5 Qxd5 3. Nc3 Qa5 4. d4 c6 5. Bc4 Nf6 6. Nge2 Bf5 7. O-O e6 8. Ng3 Bg6 9. Qe2 Be7 {[%emt 0:57:30] 8} 10. f4 Bf5 11. Qe5 Qxe5 12. fxe5 Nd5 13. Bxd5 cxd5 14. Nxf5 exf5 15. Nxd5 Na6 16. Nxe7 Kxe7 17. Rxf5 Ke6 18. Rf2 Rad8 19. c3 Rd7 20. Be3 b5 21. a4 b4 22. c4 Nc7 23. b3 Rhd8 24. Re1 Rxd4 25. Bxd4 Rxd4 26. Ref1 Rd7 27. Rf4 a5 28. Rg4 Ne8 29. Kf2 h5 30. Re4 Rd2+ 31. Re2 Rd3 32. Re3 Rd2+ 33. Kf3 Nc7 34. Rf2 Rd4 35. Ke2 Na6 36. Rd3 Re4+ 37. Kf3 Nc5 38. Rd5 Rxe5 39. Rxe5+ Kxe5 40. Rd2 Nxb3 41. Rd5+ Ke6 42. Ke3 f5 43. Kd3 Nc1+ 44. Kd2 Na2 45. Kc2 Nc3 46. Rxa5 Ne2 47. Kb3 h4 48. Rd5 h3 49. g3 Nc3 50. Rd4 Ne4 51. Kxb4 g5 52. a5 Nd6 53. a6 Nc8 54. Rd5 g4 55. Rd8 Ne7 56. Kc5 f4 57. gxf4 1-0

[Event "Istanbul Open 2019"]
[Site "Istanbul"]
[Date "2019.08.29"]
[Round "5.16"]
[White "Hakkaki Fard, Pedram"]
[Black "Yalcinkaya, Efe"]
[Result "0-1"]
[ECO "D00"]
[WhiteElo "1720"]
[BlackElo "1542"]
[Annotator "NA"]
[PlyCount "89"]
[EventDate "2019.08.26"]
[EventType "swiss"]
[EventCountry "TUR"]
[SourceTitle "playchess.com"]
[Source "ChessBase"]
[SourceQuality "1"]
[TimeControl "5400+30"]

1. d4 Nf6 2. Bf4 d5 3. e3 c5 4. c3 Nc6 5. Nd2 Bf5 6. Ngf3 Qb6 7. Nh4 Be4 8. f3 Bg6 9. Nxg6 hxg6 10. Qb3 c4 11. Qc2 Nh5 12. Bg5 e5 13. O-O-O Be7 14. Bxe7 Nxe7 15. Be2 exd4 16. cxd4 Qa5 17. Kb1 Nc6 18. Qc3 Qc7 19. g4 Nf6 20. e4 b5 21. Qe3 O-O-O 22. g5 Nh5 23. e5 Qb6 24. Nf1 Ne7 25. f4 Nf5 26. Bg4 Kb8 27. Bxf5 gxf5 28. Ng3 g6 29. Nxh5 Rxh5 30. Rde1 Re8 31. Re2 a6 32. b3 b4 33. bxc4 dxc4 34. Rd1 Reh8 35. e6 Qxe6 36. Qxe6 fxe6 37. Rxe6 Rxh2 38. d5 c3 39. Rc6 Rg2 40. Kc1 Rhh2 41. Re1 Rc2+ 42. Kb1 Rb2+ 43. Kc1 Rhc2+ 44. Kd1 Rd2+ 45. Kc1 0-1

[Event "Istanbul Open 2019"]
[Site "Istanbul"]
[Date "2019.08.29"]
[Round "5.17"]
[White "Ahmadov, Orkhan"]
[Black "Pektas, Gokdeniz"]
[Result "1/2-1/2"]
[ECO "A52"]
[WhiteElo "1615"]
[BlackElo "1652"]
[Annotator "NA"]
[PlyCount "50"]
[EventDate "2019.08.26"]
[EventType "swiss"]
[EventCountry "TUR"]
[SourceTitle "playchess.com"]
[Source "ChessBase"]
[SourceQuality "1"]
[TimeControl "5400+30"]

1. d4 Nf6 2. c4 e5 3. dxe5 Ng4 4. e3 Nxe5 5. f4 Nec6 6. Nf3 Bc5 7. Nc3 d6 8. a3 a5 9. Bd3 f5 10. Qc2 O-O 11. O-O Qe8 12. Nd5 Na6 13. Kh1 Be6 14. Re1 Qd7 15. b3 Rae8 16. Bb2 Ne7 17. e4 fxe4 18. Nxe7+ Rxe7 19. Bxe4 Bf5 20. Bxf5 Rxe1+ 21. Rxe1 Qxf5 22. Qxf5 Rxf5 23. Re7 Rf7 24. Re8+ Rf8 25. Re7 Rf7 1/2-1/2

[Event "Istanbul Open 2019"]
[Site "Istanbul"]
[Date "2019.08.29"]
[Round "5.18"]
[White "Torun, Ufuk"]
[Black "Metin, Enis"]
[Result "0-1"]
[ECO "E19"]
[WhiteElo "1568"]
[BlackElo "1749"]
[Annotator "NA"]
[PlyCount "42"]
[EventDate "2019.08.26"]
[EventType "swiss"]
[EventCountry "TUR"]
[SourceTitle "playchess.com"]
[Source "ChessBase"]
[SourceQuality "1"]
[TimeControl "5400+30"]

1. d4 Nf6 2. c4 e6 3. Nf3 b6 4. g3 Bb7 5. Bg2 Be7 6. O-O O-O 7. Nc3 Ne4 8. Qc2 Nxc3 9. bxc3 f5 10. a4 a5 11. Re1 Be4 12. Qb3 Bf6 13. Ba3 Re8 14. Nd2 Bxg2 15. Kxg2 d6 16. e4 fxe4 17. Nxe4 Nd7 18. Rad1 Kh8 19. Nxf6 Qxf6 20. Qc2 e5 21. d5 Rf8 0-1

[Event "Istanbul Open 2019"]
[Site "Istanbul"]
[Date "2019.08.30"]
[Round "6.1"]
[White "Kamer, Kayra"]
[Black "Yaran, Siar"]
[Result "1/2-1/2"]
[ECO "A20"]
[WhiteElo "2306"]
[BlackElo "2209"]
[Annotator "RC"]
[PlyCount "135"]
[EventDate "2019.08.26"]
[EventType "swiss"]
[EventCountry "TUR"]
[SourceTitle "playchess.com"]
[Source "ChessBase"]
[SourceQuality "1"]
[TimeControl "5400+30"]

1. g3 e5 2. c4 c6 3. d4 e4 4. Nc3 d5 5. Nh3 h6 6. cxd5 cxd5 7. Nf4 Nf6 8. Qb3 Nc6 9. Ncxd5 Nxd5 10. Qxd5 Qxd5 11. Nxd5 Nxd4 12. Nc7+ Kd8 13. Nxa8 Nc2+ 14. Kd1 Nxa1 15. Bf4 Be6 16. Kc1 Bxa2 17. b4 Be6 18. Nc7 Nb3+ 19. Kb2 Nd4 20. e3 Nf3 21. Nxe6+ fxe6 22. Bb8 Bxb4 23. Bxa7 Ke7 24. Kb3 Bd6 25. Bd4 Nd2+ 26. Kc2 Nxf1 27. Rxf1 e5 28. Bc3 Rf8 29. Kb3 Ke6 30. Bb4 Bxb4 31. Kxb4 h5 32. Kc3 g5 33. Kd2 Kd5 34. Kc3 Kc5 35. Kb3 Kd5 36. Rd1+ Ke6 37. Rd2 Kf5 38. h3 Ke6 39. Kb4 h4 40. Kc5 Rc8+ 41. Kb6 g4 42. hxg4 h3 43. Rd1 Rh8 44. Kxb7 Kf6 45. Kc6 Kg5 46. Rh1 Kxg4 47. Kd5 Kf3 48. Rh2 Rh5 49. Ke6 Kg4 50. Kf6 Rf5+ 51. Ke6 Rh5 52. Kf6 Kf3 53. Kg6 Rh8 54. Kf6 Rh5 55. Kg6 Rh8 56. Kf6 Ke2 57. Kg7 Ra8 58. g4 Kf1 59. g5 Ra2 60. g6 Rxf2 61. Rxh3 Rf3 62. Rh5 Kf2 63. Rxe5 Kxe3 64. Kh6 Kf4 65. Rh5 Rg3 66. g7 e3 67. Kh7 e2 68. Rh1 1/2-1/2

[Event "Istanbul Open 2019"]
[Site "Istanbul"]
[Date "2019.08.30"]
[Round "6.2"]
[White "Eren, Ataberk"]
[Black "Shanava, Konstantine"]
[Result "0-1"]
[ECO "E12"]
[WhiteElo "2254"]
[BlackElo "2496"]
[Annotator "ChessBase"]
[PlyCount "84"]
[EventDate "2019.08.26"]
[EventType "swiss"]
[EventCountry "TUR"]
[SourceTitle "playchess.com"]
[Source "ChessBase"]
[SourceQuality "1"]
[TimeControl "5400+30"]

1. d4 f5 2. c4 Nf6 3. Nc3 b6 4. Nf3 e6 5. a3 Bb7 6. g3 Ne4 7. Qc2 Be7 8. Bg2 O-O 9. O-O Nxc3 10. Qxc3 Bf6 11. b4 c5 12. Bb2 cxd4 13. Nxd4 Bxg2 14. Kxg2 Nc6 15. Qd2 Ne5 16. Rac1 Rc8 17. Nb5 Nxc4 18. Bxf6 Rxf6 19. Qd3 d5 20. Nxa7 Ra8 21. Nb5 Rf7 22. Ra1 f4 23. a4 Qf6 24. a5 bxa5 25. bxa5 Rxa5 26. Rxa5 Nxa5 27. Nd6 Rf8 28. Rc1 Qe5 29. Rc5 Qxd6 30. Rxa5 fxg3 31. Qxg3 Qb6 32. Ra3 e5 33. Qh4 h6 34. Re3 e4 35. Qh5 Qd4 36. Qh4 Kh7 37. Rh3 Rf5 38. e3 Qb2 39. Qg3 Rf3 40. Qh4 Rf6 41. Kg1 Qb1+ 42. Kg2 Qe1 0-1

[Event "Istanbul Open 2019"]
[Site "Istanbul"]
[Date "2019.08.30"]
[Round "6.3"]
[White "Mohannad, Farhan"]
[Black "Arat, Ufuk Sezen"]
[Result "1/2-1/2"]
[ECO "E92"]
[WhiteElo "2151"]
[BlackElo "2390"]
[Annotator "NA"]
[PlyCount "99"]
[EventDate "2019.08.26"]
[EventType "swiss"]
[EventCountry "TUR"]
[SourceTitle "playchess.com"]
[Source "ChessBase"]
[SourceQuality "1"]
[TimeControl "5400+30"]

1. d4 Nf6 2. c4 g6 3. Nc3 Bg7 4. e4 O-O 5. Nf3 d6 6. Be2 e5 7. d5 a5 8. O-O Na6 9. Bg5 h6 10. Bh4 g5 11. Bg3 Nh5 12. Nd2 Nf4 13. Bg4 Bxg4 14. Qxg4 h5 15. Qf5 Qf6 16. f3 Nb4 17. Rab1 Qh6 18. Qd7 Rac8 19. Qa4 b6 20. Qd1 Kh8 21. Nb3 Bf6 22. Nc1 Rg8 23. a3 Na6 24. b4 axb4 25. axb4 g4 26. N3e2 Rg6 27. Bxf4 exf4 28. fxg4 Rcg8 29. Nxf4 Rxg4 30. Ncd3 Be5 31. Qf3 Nb8 32. Nxe5 dxe5 33. Nd3 Rxg2+ 34. Kh1 Nd7 35. Rg1 Rxg1+ 36. Rxg1 Rxg1+ 37. Kxg1 Qg5+ 38. Qg3 Qd2 39. Qf3 Kg7 40. Qg2+ Qxg2+ 41. Kxg2 f5 42. Kf3 Kf6 43. c5 bxc5 44. bxc5 f4 45. h4 Nb8 46. c6 Na6 47. Kf2 Nb8 48. Kf3 Na6 49. Kf2 Nb8 50. Kf3 1/2-1/2

[Event "Istanbul Open 2019"]
[Site "Istanbul"]
[Date "2019.08.30"]
[Round "6.4"]
[White "Ozsakallioglu, Okan"]
[Black "Mammadov, Sadig"]
[Result "1-0"]
[ECO "E68"]
[WhiteElo "2324"]
[BlackElo "2243"]
[Annotator "NA"]
[PlyCount "79"]
[EventDate "2019.08.26"]
[EventType "swiss"]
[EventCountry "TUR"]
[SourceTitle "playchess.com"]
[Source "ChessBase"]
[SourceQuality "1"]
[TimeControl "5400+30"]

1. d4 Nf6 2. c4 g6 3. Nf3 Bg7 4. g3 O-O 5. Bg2 d6 6. O-O Nbd7 7. Nc3 e5 8. e4 exd4 9. Nxd4 Re8 10. Be3 Nc5 11. f3 Bd7 12. Qd2 a5 13. Ndb5 Qc8 14. Rad1 a4 15. Rfe1 Bc6 16. Bxc5 dxc5 17. e5 Nd7 18. f4 Nb6 19. b3 Kh8 20. Qf2 axb3 21. axb3 g5 22. fxg5 Bxg2 23. Kxg2 Rxe5 24. Rxe5 Bxe5 25. Qxc5 Bg7 26. Rd2 Nd7 27. Qxc7 Nc5 28. Qxc8+ Rxc8 29. Rf2 Nxb3 30. Nd6 Rc7 31. Nd5 Rd7 32. Nxf7+ Kg8 33. Nh6+ Kh8 34. Re2 Bf8 35. Re8 Kg7 36. Ne3 Nd4 37. h4 Rc7 38. Re4 Nc6 39. Nef5+ Kg6 40. Re6+ 1-0

[Event "Istanbul Open 2019"]
[Site "Istanbul"]
[Date "2019.08.30"]
[Round "6.5"]
[White "Nuri, Murad"]
[Black "Senyuz, Mustafa Zorbey"]
[Result "1-0"]
[ECO "E93"]
[WhiteElo "2291"]
[BlackElo "1844"]
[Annotator "NA"]
[PlyCount "73"]
[EventDate "2019.08.26"]
[EventType "swiss"]
[EventCountry "TUR"]
[SourceTitle "playchess.com"]
[Source "ChessBase"]
[SourceQuality "1"]
[TimeControl "5400+30"]

1. c4 Nf6 2. Nc3 g6 3. e4 d6 4. d4 Bg7 5. Be2 O-O 6. Nf3 e5 7. d5 a5 8. Bg5 h6 9. Bh4 Na6 10. Nd2 Nc5 11. O-O g5 12. Bg3 Ne8 13. Nb3 b6 14. Nxc5 bxc5 15. Bd3 Bd7 16. Qc2 Rb8 17. f3 Qc8 18. Be1 Qb7 19. Rb1 Bf6 20. Rf2 Ng7 21. Nd1 Qa6 22. Ne3 Bd8 23. Bc3 Ra8 24. g3 Nh5 25. Kh1 f6 26. Qe2 Be7 27. f4 Ng7 28. Rbf1 Rae8 29. h4 a4 30. hxg5 hxg5 31. Rh2 Qc8 32. Rff2 Rd8 33. Rh6 Rde8 34. Rfh2 gxf4 35. gxf4 exf4 36. e5 fxe3 37. Bh7+ 1-0

[Event "Istanbul Open 2019"]
[Site "Istanbul"]
[Date "2019.08.30"]
[Round "6.7"]
[White "Ozsakkiloglu, Akin"]
[Black "Citak, Selim"]
[Result "1-0"]
[ECO "C49"]
[WhiteElo "2067"]
[BlackElo "2263"]
[Annotator "NA"]
[PlyCount "69"]
[EventDate "2019.08.26"]
[EventType "swiss"]
[EventCountry "TUR"]
[SourceTitle "playchess.com"]
[Source "ChessBase"]
[SourceQuality "1"]
[TimeControl "5400+30"]

1. e4 e5 2. Nf3 Nc6 3. Nc3 Nf6 4. Bb5 Bb4 5. O-O Bxc3 6. bxc3 d6 7. d4 O-O 8. Qd3 Bd7 9. Bg5 h6 10. Bh4 Qe8 11. Bxf6 gxf6 12. Bxc6 bxc6 13. Nd2 Kh7 14. f4 exd4 15. cxd4 Rg8 16. Rae1 Qf8 17. e5+ f5 18. Nc4 Qg7 19. g3 Be6 20. Ne3 Qg6 21. c4 Rad8 22. Qc3 dxe5 23. fxe5 f6 24. Ng2 fxe5 25. Rxe5 Qf7 26. Rfe1 Rde8 27. Nf4 Bd7 28. d5 Rxe5 29. Rxe5 Re8 30. Rxe8 Qxe8 31. Qf6 cxd5 32. cxd5 Qg8 33. Nh5 Be8 34. Qe7+ Qf7 35. Qxe8 1-0

[Event "Istanbul Open 2019"]
[Site "Istanbul"]
[Date "2019.08.30"]
[Round "6.8"]
[White "Yarashov, Azat"]
[Black "Akbas, Umut Ata"]
[Result "1-0"]
[ECO "D02"]
[WhiteElo "2156"]
[BlackElo "1986"]
[Annotator "NA"]
[PlyCount "89"]
[EventDate "2019.08.26"]
[EventType "swiss"]
[EventCountry "TUR"]
[SourceTitle "playchess.com"]
[Source "ChessBase"]
[SourceQuality "1"]
[TimeControl "5400+30"]

1. d4 Nf6 2. Nf3 e6 3. g3 d5 4. Bg2 Be7 5. O-O O-O 6. b3 c5 7. e3 Nbd7 8. Bb2 Qc7 9. Nbd2 b6 10. c4 dxc4 11. Nxc4 Bb7 12. Rc1 Rfd8 13. Qe2 Rac8 14. Rfd1 Qb8 15. dxc5 Nxc5 16. Be5 Rxd1+ 17. Rxd1 Qa8 18. Bd6 Bd8 19. Bxc5 Rxc5 20. Nd6 Bc6 21. b4 Rd5 22. Nd4 Rxd4 23. Rxd4 Bxg2 24. e4 e5 25. Qc4 Be7 26. Qxf7+ Kh8 27. Qxe7 exd4 28. Kxg2 h6 29. Kf3 Qc6 30. Nf5 Ne8 31. Nxd4 Qc3+ 32. Kg2 Qxd4 33. Qxe8+ Kh7 34. Qe7 Qc4 35. a4 a6 36. a5 b5 37. h4 Qe2 38. Qe5 Qc4 39. Qf5+ Kh8 40. e5 Qd5+ 41. Kh2 Kg8 42. Qc8+ Kh7 43. Qxa6 Qxe5 44. Qb7 Qd4 45. Kg2 1-0

[Event "Istanbul Open 2019"]
[Site "Istanbul"]
[Date "2019.08.30"]
[Round "6.9"]
[White "Yarar, Muammer Atakan"]
[Black "Erdogan, Anil Berk"]
[Result "0-1"]
[ECO "A67"]
[WhiteElo "1779"]
[BlackElo "2144"]
[Annotator "NA"]
[PlyCount "84"]
[EventDate "2019.08.26"]
[EventType "swiss"]
[EventCountry "TUR"]
[SourceTitle "playchess.com"]
[Source "ChessBase"]
[SourceQuality "1"]
[TimeControl "5400+30"]

1. d4 Nf6 2. c4 c5 3. d5 e6 4. Nc3 exd5 5. cxd5 d6 6. e4 g6 7. f4 Bg7 8. Bb5+ Nfd7 9. Nf3 O-O 10. O-O a6 11. Bd3 b5 12. Kh1 Re8 13. Be3 Nb6 14. a3 Bxc3 15. bxc3 Nxd5 16. Bd2 Nf6 17. e5 dxe5 18. fxe5 Qxd3 19. exf6 Nc6 20. Bg5 Qxd1 21. Raxd1 Bg4 22. Rd6 Bxf3 23. gxf3 Ne5 24. Rd5 Rac8 25. Be3 c4 26. Bd4 Nc6 27. Bf2 Ne5 28. Bd4 Nd3 29. Rb1 Rcd8 30. Rg5 h6 31. Rg2 Kh7 32. h4 Rd5 33. Kh2 Re6 34. Ra2 g5 35. Rg1 Nf4 36. hxg5 Rxg5 37. Rxg5 hxg5 38. a4 Re2+ 39. Rxe2 Nxe2 40. axb5 axb5 41. Be5 Kg6 42. Kh3 Kf5 0-1

[Event "Istanbul Open 2019"]
[Site "Istanbul"]
[Date "2019.08.30"]
[Round "6.10"]
[White "Caglar, Ahmet Ata"]
[Black "Ozbay, Ece"]
[Result "0-1"]
[ECO "B30"]
[WhiteElo "2055"]
[BlackElo "2125"]
[Annotator "NA"]
[PlyCount "84"]
[EventDate "2019.08.26"]
[EventType "swiss"]
[EventCountry "TUR"]
[SourceTitle "playchess.com"]
[Source "ChessBase"]
[SourceQuality "1"]
[TimeControl "5400+30"]

1. e4 c5 2. Nc3 Nc6 3. Nf3 e6 4. Bb5 Qc7 5. O-O d6 6. Re1 Bd7 7. b3 Be7 8. Bb2 Bf6 9. Bxc6 Bxc6 10. Nd5 Bxd5 11. Bxf6 Nxf6 12. exd5 Nxd5 13. d4 O-O 14. c4 Ne7 15. Qd3 Ng6 16. h4 h6 17. Re4 e5 18. dxc5 Qxc5 19. Rg4 Nf4 20. Qd2 f5 21. Rg3 Rf6 22. Rd1 Re8 23. Ne1 Nh5 24. Rd3 Ree6 25. Rd5 Qc6 26. Nd3 Rg6 27. Qe2 Rg4 28. f3 Rgg6 29. Qf2 b6 30. Rb5 Qe8 31. f4 e4 32. Nc1 e3 33. Qf3 Rg3 34. Qb7 e2 35. Re1 Nxf4 36. Rxf5 Nxg2 37. Nxe2 Rxe2 38. Rxe2 Qxe2 39. Qf7+ Kh7 40. Kh2 Rg6 41. Rf2 Qe5+ 42. Kh1 Nxh4 0-1

[Event "Istanbul Open 2019"]
[Site "Istanbul"]
[Date "2019.08.30"]
[Round "6.11"]
[White "Oner, Oguz"]
[Black "Ozer, Omer Faruk"]
[Result "0-1"]
[ECO "E15"]
[WhiteElo "1997"]
[BlackElo "2357"]
[Annotator "NA"]
[PlyCount "82"]
[EventDate "2019.08.26"]
[EventType "swiss"]
[EventCountry "TUR"]
[SourceTitle "playchess.com"]
[Source "ChessBase"]
[SourceQuality "1"]
[TimeControl "5400+30"]

1. d4 Nf6 2. c4 e6 3. Nf3 b6 4. g3 c6 5. Bg2 Be7 6. Nfd2 d5 7. e4 Ba6 8. e5 Nfd7 9. Nc3 b5 10. b3 Bb4 11. Qc2 bxc4 12. bxc4 Nb6 13. cxd5 exd5 14. a3 Be7 15. Bf1 O-O 16. Bxa6 Nxa6 17. Qd3 Nc7 18. O-O Ne6 19. f4 f5 20. a4 c5 21. dxc5 Nxc5 22. Qf3 d4 23. Nb5 a6 24. Na3 d3 25. Rb1 Nbxa4 26. Rb4 Nc3 27. Rc4 N5e4 28. Nab1 Nxb1 29. Nxb1 Qb6+ 30. Be3 Qb5 31. Rfc1 Rfd8 32. Nd2 Ba3 33. Nxe4 fxe4 34. Qxe4 Bxc1 35. Rxc1 Rac8 36. Rd1 Qb3 37. Rd2 Rc2 38. Kf2 Qc3 39. Ke1 Qa1+ 40. Kf2 Qc3 41. Ke1 Rb2 0-1

[Event "Istanbul Open 2019"]
[Site "Istanbul"]
[Date "2019.08.30"]
[Round "6.12"]
[White "Ozdemir, Serhan Berat"]
[Black "Aliakbarov, Anar"]
[Result "1-0"]
[ECO "C54"]
[WhiteElo "1978"]
[BlackElo "2265"]
[Annotator "NA"]
[PlyCount "73"]
[EventDate "2019.08.26"]
[EventType "swiss"]
[EventCountry "TUR"]
[SourceTitle "playchess.com"]
[Source "ChessBase"]
[SourceQuality "1"]
[TimeControl "5400+30"]

1. e4 e5 2. Nf3 Nc6 3. d4 exd4 4. Bc4 Bc5 5. c3 Nf6 6. e5 d5 7. Bb5 Ne4 8. cxd4 Bb6 9. h3 O-O 10. Be3 Bd7 11. Bxc6 Bxc6 12. O-O f6 13. Nc3 Nxc3 14. bxc3 Bb5 15. Re1 c6 16. Bf4 a5 17. a4 Ba6 18. e6 Re8 19. Nh4 Bc7 20. Bxc7 Qxc7 21. Qg4 g6 22. Re3 Kh8 23. Rae1 Qg7 24. e7 f5 25. Qg5 f4 26. Rf3 b5 27. Re6 bxa4 28. Nxg6+ Kg8 29. Rf6 a3 30. R3xf4 a2 31. Rf8+ Rxf8 32. exf8=Q+ Rxf8 33. Ne7+ Kh8 34. Rxf8+ Qxf8 35. Qe5+ Qg7 36. Qb8+ Qg8 37. Qxg8# 1-0

[Event "Istanbul Open 2019"]
[Site "Istanbul"]
[Date "2019.08.30"]
[Round "6.13"]
[White "Annaberdiyev, Babageldi"]
[Black "Onem, Uzay Altay"]
[Result "1/2-1/2"]
[ECO "D13"]
[WhiteElo "2242"]
[BlackElo "1997"]
[Annotator "NA"]
[PlyCount "36"]
[EventDate "2019.08.26"]
[EventType "swiss"]
[EventCountry "TUR"]
[SourceTitle "playchess.com"]
[Source "ChessBase"]
[SourceQuality "1"]
[TimeControl "5400+30"]

1. Nf3 Nf6 2. d4 e6 3. g3 b6 4. Bg2 Bb7 5. O-O c5 6. c3 cxd4 7. cxd4 Be7 8. Nc3 d5 9. Bf4 O-O 10. Rc1 Nc6 11. Ne5 Rc8 12. Nxc6 Rxc6 13. Qa4 Qd7 14. e4 dxe4 15. Nxe4 Nd5 16. Bd2 a6 17. Nc3 b5 18. Qb3 Nxc3 1/2-1/2

[Event "Istanbul Open 2019"]
[Site "Istanbul"]
[Date "2019.08.30"]
[Round "6.14"]
[White "Demirbas, Emre"]
[Black "Bayramov, Elvin"]
[Result "1/2-1/2"]
[ECO "A30"]
[WhiteElo "1879"]
[BlackElo "2198"]
[Annotator "NA"]
[PlyCount "102"]
[EventDate "2019.08.26"]
[EventType "swiss"]
[EventCountry "TUR"]
[SourceTitle "playchess.com"]
[Source "ChessBase"]
[SourceQuality "1"]
[TimeControl "5400+30"]

1. Nf3 Nf6 2. c4 c5 3. g3 g6 4. b3 Bg7 5. Bb2 Nc6 6. Bg2 O-O 7. d4 cxd4 8. Nxd4 d5 9. cxd5 Nxd5 10. Nxc6 bxc6 11. Bxg7 Kxg7 12. O-O e5 13. Qc2 Qe7 14. Nc3 Bf5 15. Qb2 Nb6 16. Rfd1 Rac8 17. Rac1 Kg8 18. Ne4 Bxe4 19. Bxe4 c5 20. h4 Rfd8 21. h5 f5 22. Bd3 Rd4 23. e3 Rd6 24. Qc2 Kg7 25. Ba6 Rc7 26. Rxd6 Qxd6 27. Rd1 Qf6 28. hxg6 hxg6 29. Bb5 e4 30. a4 Nc8 31. Rd5 Qe7 32. Qc3+ Kh7 33. Kg2 Nd6 34. Rd1 Nf7 35. Rh1+ Nh6 36. Qd2 Rc8 37. Rd1 Nf7 38. Qa5 Rd8 39. Rxd8 Nxd8 40. Bc4 Nc6 41. Qb5 Ne5 42. a5 Kh6 43. a6 Nf3 44. Be2 Ne1+ 45. Kf1 Nc2 46. Qb7 Qg7 47. Kg2 Ne1+ 48. Kh2 Qb2 49. Qb8 Qg7 50. Qb7 Nd3 51. Kg2 Ne1+ 1/2-1/2

[Event "Istanbul Open 2019"]
[Site "Istanbul"]
[Date "2019.08.30"]
[Round "6.15"]
[White "Yalcinkaya, Efe"]
[Black "Ahmadov, Vusal"]
[Result "1-0"]
[ECO "C60"]
[WhiteElo "1542"]
[BlackElo "1775"]
[Annotator "NA"]
[PlyCount "67"]
[EventDate "2019.08.26"]
[EventType "swiss"]
[EventCountry "TUR"]
[SourceTitle "playchess.com"]
[Source "ChessBase"]
[SourceQuality "1"]
[TimeControl "5400+30"]

1. e4 e5 2. Nf3 Nc6 3. Bb5 Nge7 4. c3 g6 5. O-O Bg7 6. d4 exd4 7. cxd4 d5 8. e5 O-O 9. h3 f6 10. exf6 Rxf6 11. Bxc6 bxc6 12. Bg5 Rf7 13. Nc3 h6 14. Bh4 g5 15. Bg3 Ng6 16. Re1 g4 17. hxg4 Bxg4 18. Qd3 Bf5 19. Qd2 Qf6 20. Ne5 Nxe5 21. dxe5 Qg6 22. Ne2 h5 23. Nf4 Qg4 24. e6 Re7 25. Qe2 Qxe2 26. Rxe2 Rb8 27. Rc1 Rxb2 28. Rxb2 Bxb2 29. Rxc6 d4 30. Bh4 Re8 31. Rxc7 a5 32. Bf6 Bxe6 33. Rg7+ Kh8 34. Ng6# 1-0

[Event "Istanbul Open 2019"]
[Site "Istanbul"]
[Date "2019.08.30"]
[Round "6.16"]
[White "Metin, Enis"]
[Black "Ahmadov, Orkhan"]
[Result "0-1"]
[ECO "B40"]
[WhiteElo "1749"]
[BlackElo "1615"]
[Annotator "NA"]
[PlyCount "132"]
[EventDate "2019.08.26"]
[EventType "swiss"]
[EventCountry "TUR"]
[SourceTitle "playchess.com"]
[Source "ChessBase"]
[SourceQuality "1"]
[TimeControl "5400+30"]

1. e4 c5 2. Nf3 e6 3. b4 cxb4 4. a3 Nf6 5. e5 Nd5 6. axb4 Bxb4 7. c3 Be7 8. d4 d6 9. Bd3 Nd7 10. O-O O-O 11. Bd2 dxe5 12. dxe5 a6 13. Na3 Re8 14. Qe2 Nc5 15. Bc2 Bd7 16. Rfd1 Qc7 17. c4 Nb6 18. Ba5 Bc6 19. Rab1 Ncd7 20. Rd3 Bxf3 21. Rxf3 Bxa3 22. Bxh7+ Kxh7 23. Rxa3 Qxe5 24. Rh3+ Kg8 25. Qxe5 Nxe5 26. Bxb6 Nxc4 27. Bd4 e5 28. Ba1 b5 29. Rg3 f6 30. f4 Kf7 31. fxe5 Nxe5 32. Bxe5 Rxe5 33. Rc1 Rae8 34. Rc7+ R8e7 35. Rc6 Re1+ 36. Kf2 R7e2+ 37. Kf3 Re3+ 38. Kf2 Rxg3 39. Kxg3 Re6 40. Rc7+ Kg6 41. Rb7 f5 42. Kf3 Kf6 43. h3 g5 44. g3 Rc6 45. Ke3 Ke5 46. Rg7 f4+ 47. gxf4+ gxf4+ 48. Ke2 Rc2+ 49. Kd3 Rh2 50. Rg5+ Kf6 51. Rh5 Ra2 52. Ke4 Ra4+ 53. Kf3 Kg6 54. Rc5 Kf6 55. h4 b4 56. Rc4 a5 57. Kxf4 Ra1 58. Rc6+ Kg7 59. Rb6 Rb1 60. Kg5 a4 61. Rb7+ Kf8 62. h5 a3 63. h6 a2 64. h7 Rh1 65. Ra7 b3 66. Kf6 Rh6+ 0-1

[Event "Istanbul Open 2019"]
[Site "Istanbul"]
[Date "2019.08.30"]
[Round "6.17"]
[White "Pektas, Gokdeniz"]
[Black "Yilmaz, Hasan"]
[Result "1-0"]
[ECO "D04"]
[WhiteElo "1652"]
[BlackElo "1580"]
[Annotator "NA"]
[PlyCount "59"]
[EventDate "2019.08.26"]
[EventType "swiss"]
[EventCountry "TUR"]
[SourceTitle "playchess.com"]
[Source "ChessBase"]
[SourceQuality "1"]
[TimeControl "5400+30"]

1. d4 d5 2. Nf3 Nf6 3. e3 c5 4. b3 Bg4 5. h3 Bh5 6. g4 Bg6 7. Ne5 Nbd7 8. Bg2 e6 9. h4 h6 10. Nxg6 fxg6 11. Qd3 Kf7 12. Nd2 cxd4 13. exd4 Bd6 14. Bb2 Nxg4 15. O-O-O h5 16. Rh3 Nh6 17. Re1 Nf6 18. Nf3 Bf4+ 19. Kb1 Nf5 20. Bc1 Bxc1 21. Kxc1 Nh7 22. Ne5+ Kf6 23. Nxg6 Qa5 24. Re5 Rhe8 25. Nf4 g6 26. Rg3 Nf8 27. Bxd5 Qa3+ 28. Kb1 exd5 29. Rxg6+ Nxg6 30. Qxf5+ 1-0

[Event "Istanbul Open 2019"]
[Site "Istanbul"]
[Date "2019.08.30"]
[Round "6.18"]
[White "Aslan, Nevzat"]
[Black "Can, Ilhan"]
[Result "1/2-1/2"]
[ECO "A33"]
[WhiteElo "1680"]
[BlackElo "1683"]
[Annotator "NA"]
[PlyCount "38"]
[EventDate "2019.08.26"]
[EventType "swiss"]
[EventCountry "TUR"]
[SourceTitle "playchess.com"]
[Source "ChessBase"]
[SourceQuality "1"]
[TimeControl "5400+30"]

1. c4 Nf6 2. g3 c5 3. Nf3 e6 4. d4 cxd4 5. Nxd4 a6 6. Bg2 Nc6 7. O-O Be7 8. Nc3 O-O 9. e4 Qc7 10. Nc2 d6 11. b3 Bd7 12. Bb2 Rac8 13. Kh1 Qb8 14. f4 b5 15. cxb5 axb5 16. b4 Rfd8 17. a3 Na7 18. Qe2 Bc6 19. Nd4 Be8 1/2-1/2